 Dungeon Crawl Stone Soup version 0.23.2-1-ga50397a (webtiles) character file.

Game seed: 17654110968333652778

378 Fang the Skirmisher (level 6, 0/60 HPs)
             Began as a Gargoyle Berserker on May 30, 2019.
             Was a Priest of Trog.
             Slain by an adder (3 damage)
             ... on level 4 of the Dungeon.
             The game lasted 00:03:42 (2343 turns).

Fang the Skirmisher (Gargoyle Berserker)            Turns: 2343, Time: 00:03:43

Health: 0/60       AC:  6    Str: 27    XL:     6   Next: 74%
Magic:  6/6        EV: 13    Int:  8    God:    Trog [***...]
Gold:   159        SH:  0    Dex:  9    Spells: 5/5 levels left

rFire    . . .     SeeInvis .   l - +0 hand axe (drain)
rCold    . . .     Gourm    .   (no shield)
rNeg     + . .     Faith    .   b - +0 animal skin
rPois    ∞         Spirit   .   (no helmet)
rElec    +         Reflect  .   (no cloak)
rCorr    .         Harm     .   (no gloves)
MR       .....                  (no boots)
Stlth    ..........             (no amulet)
HPRegen  0.20/turn              (no ring)
MPRegen  0.10/turn              (no ring)

@: berserking (expiring), very quick
A: negative energy resistance 1, electricity resistance, unbreathing,
petrification resistance, rot immunity, AC +4
a: Berserk, Trog's Hand, Renounce Religion


You were on level 4 of the Dungeon.
You worshipped Trog.
Trog was most pleased with you.
You were hungry.

You visited 1 branch of the dungeon, and saw 4 of its levels.
You also visited: Sewer.

You collected 159 gold pieces.

Inventory:

Hand Weapons
 a - a +0 hand axe
 l - a +0 hand axe of draining (weapon)
Armour
 b - a +0 animal skin (worn)
Scrolls
 d - 4 scrolls of teleportation {unknown}
 e - 2 scrolls of amnesia {unknown}
 g - 2 scrolls of fog {unknown}
 h - a scroll of fear {unknown}
 j - 5 scrolls of remove curse {unknown}
 k - 4 scrolls of enchant weapon {unknown}
 m - a scroll of magic mapping {unknown}
 n - a scroll of immolation {unknown}
 o - a scroll of identify {unknown}
 q - a scroll of random uselessness {unknown}
 s - a scroll of blinking {unknown}
Potions
 i - a potion of invisibility {unknown}
 p - a potion of lignification {unknown}
 r - a potion of mutation {unknown}
 t - a potion of flight {unknown}
Comestibles
 c - 7 rations
 f - 10 chunks of flesh


   Skills:
 + Level 4.9 Fighting
 + Level 4.0 Axes
 + Level 4.2 Armour
 + Level 3.1 Dodging


You had 5 spell levels left.
You didn't know any spells.
Your spell library was empty.

Dungeon Overview and Level Annotations

Branches:
Dungeon (4/15)
 Temple: D:4-7

Altars:
Ashenzari
Yredelemnul


Innate Abilities, Weirdness & Mutations

You are resistant to torment.
Your stone body is resilient. (AC +4)
You are immune to poison.
You resist negative energy. (rN+)
You are resistant to electric shocks. (rElec)
You can survive without breathing.
You are immune to petrification.
You are immune to rotting.


Message History

The gnoll is almost dead.
You hit the adder. You drain the adder. You closely miss the adder.
The adder barely misses you. The gnoll closely misses you.
You slash the gnoll!
You kill the gnoll!
Trog accepts your kill.
You closely miss the adder. You slash the adder!
You kill the adder!
Trog accepts your kill.
You completely miss the orc. The adder barely misses you.
The orc hits you with a +0 hand axe!
* * * LOW HITPOINT WARNING * * *
You slash the orc!
You kill the orc!
Trog accepts your kill.
You slash the adder! The adder closely misses you.
You closely miss the adder.
The adder is almost dead.
The adder bites you.
You die...

###....#...#..#.#
#.....###..#..#.#####
#.##...#..##........# #
#.##..#.#÷..........#.#
...#.....###.##.##..#.#
.#.....##########.....#
...###.≈≈≈≈≈≈≈.≈##..###
#.## #############..#
#.# #)@S..# #### #.#
#...))†..# #... #.#
#........# #.## #.#
#........# #.#
..........# ...
###.......## ...
.........# .#.......#


You could see an adder.

Vanquished Creatures
  Purgy (Sewer)
  A howler monkey (D:4)
  2 worker ants (D:4)
  4 gnolls
  8 adders
  An ooze (D:1)
  A worm (D:3)
  2 dart slugs
  2 leopard geckos
  An orc (D:4)
  A ball python (D:3)
  4 giant cockroaches
  8 hobgoblins
  6 jackals (D:1)
  10 kobolds
  A quokka (D:2)
  A ball python skeleton (D:4)
  10 bats
  6 frilled lizards
  9 goblins
  6 rats
85 creatures vanquished.

Notes
Turn   | Place    | Note
-------+----------+-------------------------------------------
     0 | D:1      | Fang the Gargoyle Berserker began the quest for the Orb.
     0 | D:1      | Reached XP level 1. HP: 14/14 MP: 1/1
    72 | D:1      | Reached XP level 2. HP: 12/19 MP: 2/2
   256 | D:1      | Reached XP level 3. HP: 23/23 MP: 3/3
   617 | D:1      | Reached ** piety under Trog
  1136 | D:2      | Reached XP level 4. HP: 27/29 MP: 4/4
  1502 | D:3      | Found a basalt altar of Yredelemnul.
  1503 | D:3      | Found a shattered altar of Ashenzari.
  1897 | D:4      | Reached XP level 5. HP: 29/33 MP: 5/5
  1996 | D:4      | Reached *** piety under Trog
  2109 | D:4      | Found a glowing drain.
  2119 | Sewer    | Entered a sewer
  2241 | Sewer    | Noticed Purgy
  2261 | Sewer    | Killed Purgy
  2261 | Sewer    | Reached XP level 6. HP: 35/39 MP: 6/6
  2341 | D:4      | HP: 3/60 [orc/+0 hand axe (7)]
  2343 | D:4      | Slain by an adder

Skill      XL: |  1  2  3  4  5  6 |
---------------+-------------------+-----
Axes           | 3 4 |  4.0
Dodging        | 2 3 |  3.1
Armour         | 3 4 |  4.2
Fighting       | 4 |  4.9

Action                   |  1- 3 |  4- 6 || total
-------------------------+-------+-------++-------
Melee: Hand axe          |   112 |   177 ||   289
Invok: Berserk           |     1 |     1 ||     2
 Stab: Sleeping          |       |     1 ||     1
  Eat: Chunk             |     2 |     4 ||     6
Armor: Animal skin       |    41 |    86 ||   127
Dodge: Dodged            |    80 |   157 ||   237
